 Dungeon Crawl Stone Soup version 0.31-a0-188-g5e087ee2ca (webtiles) character file.

Game seed: 13878466008927225416

811 qw the Skirmisher (level 7, -9/31 (40) HPs)
             Began as a Deep Elf Hunter on June 23, 2023.
             Mangled by an ogre
             ... wielding a +0 giant spiked club
              (16 damage)
             ... on level 6 of the Dungeon.
             The game lasted 00:01:15 (3264 turns).

qw the Skirmisher (Deep Elf Hunter)                 Turns: 3264, Time: 00:01:16

HP:   -9/31 (40)    AC: 10    Str: 10    XL:     7   Next: 61%
MP:   9/9           EV: 12    Int: 14    God:
Gold: 292           SH:  0    Dex: 18    Spells: 6/6 levels left

rFire   . . .        Y - +0 longbow
rCold   . . .        (shield currently unavailable)
rNeg    . . .        d - +0 ring mail
rPois   .            (no helmet)
rElec   .            (no cloak)
rCorr   .            e - +0 pair of gloves
SInv    .            (no boots)
Will    .....        c - amulet of regeneration
Stlth   +            b - +4 ring of protection
HPRegen 1.05/turn    (no ring)
MPRegen 0.11/turn

%: no passive effects
@: about to teleport, heavily drained
A: no striking features
a: no special abilities


You were on level 6 of the Dungeon.
You visited 1 branch of the dungeon, and saw 6 of its levels.

You collected 292 gold pieces.


   Skills:
 - Level 2.1 Fighting
 + Level 11.2 Ranged Weapons
 - Level 1.2 Armour
 - Level 4.2 Dodging
 - Level 1.2 Stealth


You had 6 spell levels left.
You didn't know any spells.
Your spell library was empty.

Inventory:

Hand Weapons
 Y - a +0 longbow (weapon)
Armour
 d - a +0 ring mail (worn)
 e - a +0 pair of gloves (worn)
Jewellery
 b - a +4 ring of protection (left hand)
 c - an amulet of regeneration (around neck)
 h - a ring of ice
Scrolls
 a - a scroll of revelation {unknown}
 g - a scroll of identify
Potions
 k - a potion of curing
 m - a potion of berserk rage {unknown}

Dungeon Overview and Level Annotations

Branches:
Dungeon (6/15)
 Temple: D:4-7

Altars:
Hepliaklqana
Ru
Sif Muna
Trog

Shops:
D:6 *


Message History

Enter note:
Enter note:
Enter note:
Enter note:
Enter note:
Enter note:
Enter note:
Enter note:
Enter note:
Enter note:
Enter note:
(D) Dungeon
Where to? (* - list waypoints, Enter - D:6, ? - help)
What level of the Dungeon? (default 1, ? - help)
You climb downwards.
Found 13 gold pieces.
There is a stone staircase leading up here.
Waypoint 5 assigned to D:6.
You now have 284 gold pieces (gained 13).
You now have 292 gold pieces (gained 8).
a - a scroll labelled FOWISCH UGYIPSO A hound comes into view.
You shoot an arrow. The arrow hits the hound!
The hound barks!
The hound is heavily wounded.
You hear a shout!
An ogre comes into view. It is wielding a +0 giant spiked club.
You shoot an arrow. The arrow hits the ogre.
The ogre is lightly wounded.
You shoot an arrow. The arrow completely misses the ogre.
The ogre hits you with a +0 giant spiked club!!
Ouch! That really hurt!
The hound bites you but does no damage.
3264 ||| READING scroll of teleportation.
As you read the scroll of teleportation, it crumbles to dust.
You feel strangely unstable. The hound closely misses you.
The ogre hits you with a +0 giant spiked club!
Ouch! That really hurt!
You die...

#.#.#.#.## #.#.#.#..#
.#.###.#.#.#.<#.####
.....................
.#.#####.#......####.
#.########...
#............
#####.####.## #@#
#.O\h.# ...##.##...
### ..# ##.. ... ####


You could see an ogre and a hound.

Vanquished Creatures
  3 phantoms
  3 scorpions
  A hound (D:5)
  2 orc priests (D:3)
  5 orc wizards
  2 iguanas
  3 gnolls (D:4)
  An adder (D:5)
  2 ufetubi
  A dart slug (D:5)
  15 orcs
  7 ball pythons
  4 bats
  8 endoplasms
  2 giant cockroaches (D:1)
  5 hobgoblins
  4 jackals (D:5)
  3 quokkas
  6 frilled lizards
  5 goblins
  8 kobolds
  3 rats (D:2)
93 creatures vanquished.

Notes
Turn   | Place    | Note
-------+----------+-------------------------------------------
     0 | D:1      | qw the Deep Elf Hunter began the quest for the Orb.
     0 | D:1      | Reached XP level 1. HP: 12/12 MP: 3/3
     0 | D:1      | 0 ||| qw: Version: 0.3-a-9-g12657ce
     0 | D:1      | 0 ||| qw: Game counter: 3532
     0 | D:1      | 0 ||| qw: Always use a shield: true
     0 | D:1      | 0 ||| qw: God list: Okawaru
     0 | D:1      | 0 ||| qw: Allow faded altars: false
     0 | D:1      | 0 ||| qw: Do Orc after D:15 true
     0 | D:1      | 0 ||| qw: Do second Lair branch before Depths: true
     0 | D:1      | 0 ||| qw: Lair rune preference: random
     0 | D:1      | 0 ||| qw: Plans: Normal
     0 | D:1      | 0 ||| PLANNING D:1-11
   136 | D:1      | Reached XP level 2. HP: 16/16 MP: 4/4
   143 | D:1      | Reached skill level 6 in Ranged Weapons
   311 | D:1      | 311 ||| UPGRADING to +0 ring mail.
   326 | D:1      | 326 ||| DROPPING +0 leather armour.
   327 | D:1      | 327 ||| UPGRADING to +0 pair of gloves.
   613 | D:1      | Reached XP level 3. HP: 20/20 MP: 5/5
   696 | D:1      | 696 ||| READING scroll labelled MIPHIR XARI.
   697 | D:1      | 697 ||| READING 2 scrolls labelled GIAPTI FYMO.
   698 | D:1      | 698 ||| DROPPING scroll of butterflies.
  1114 | D:2      | Reached skill level 7 in Ranged Weapons
  1253 | D:2      | 1253 ||| UPGRADING to +4 ring of protection.
  1254 | D:2      | 1254 ||| READING scroll labelled DUROMA YLUTT.
  1255 | D:2      | 1255 ||| READING 2 scrolls of identify.
  1255 | D:2      | 1255 ||| IDENTIFYING blue potion
  1256 | D:2      | 1256 ||| DROPPING potion of attraction.
  1288 | D:3      | Found a hazy altar of Hepliaklqana.
  1288 | D:3      | Found a sacrificial altar of Ru.
  1320 | D:3      | Identified the +8 shortbow of Context {drain, Drain +Blink
                  | rPois Dex+6}
  1322 | D:3      | 1322 ||| SWAPPING to +8 shortbow of Context {drain, Drain
                  | +Blink rPois Dex+6}.
  1323 | D:3      | 1323 ||| DROPPING +0 shortbow.
  1434 | D:3      | 1434 ||| Stepping ~*~*~tactically~*~*~ (outnumbered).
  1462 | D:3      | Reached XP level 4. HP: 18/25 MP: 6/6
  1522 | D:3      | Noticed an eye of devastation
  1523 | D:3      | Found a faded altar of an unknown god.
  1528 | D:3      | Reached skill level 8 in Ranged Weapons
  1528 | D:3      | Noticed a shining eye
  1537 | D:3      | Noticed a golden eye
  1537 | D:3      | Noticed an eye of devastation
  1633 | D:3      | 1633 ||| UPGRADING to amulet of regeneration.
  1638 | D:3      | 1638 ||| READING scroll labelled XERIWA VOTIVYSS.
  1642 | D:3      | 1642 ||| READING scroll labelled RENAORH BAUG.
  1643 | D:3      | 1643 ||| READING scroll labelled GOZIOPL FEOL.
  1744 | D:3      | 1744 ||| READING 4 scrolls of identify.
  1744 | D:3      | 1744 ||| IDENTIFYING inky potion
  1745 | D:3      | 1745 ||| DROPPING potion of brilliance.
  1790 | D:4      | Noticed a scorpion
  1793 | D:4      | Killed a scorpion
  1794 | D:4      | Reached skill level 3 in Dodging
  1794 | D:4      | Reached XP level 5. HP: 29/29 MP: 7/7
  1807 | D:4      | Noticed a phantom
  1810 | D:4      | Killed a phantom
  1816 | D:4      | Reached XP level 6. HP: 34/34 MP: 8/8
  1928 | D:4      | Reached skill level 9 in Ranged Weapons
  2020 | D:4      | Found a shimmering blue altar of Sif Muna.
  2326 | D:4      | 2326 ||| READING scroll labelled UBRIKHLYAMU.
  2344 | D:5      | Entered Level 5 of the Dungeon
  2356 | D:5      | 2356 ||| Stepping ~*~*~tactically~*~*~ (outnumbered).
  2473 | D:5      | Reached skill level 10 in Ranged Weapons
  2515 | D:5      | Reached skill level 1 in Armour
  2515 | D:5      | Reached XP level 7. HP: 40/40 MP: 9/9
  2605 | D:5      | Found a bloodstained altar of Trog.
  2751 | D:5      | Reached skill level 11 in Ranged Weapons
  3167 | D:5      | 3167 ||| SWAPPING to +0 longbow.
  3168 | D:5      | 3168 ||| DROPPING +8 shortbow of Context {drain, Drain
                  | +Blink rPois Dex+6}.
  3169 | D:5      | 3169 ||| READING scroll labelled GIGIAG SIBBOXY.
  3170 | D:5      | 3170 ||| READING scroll labelled UCUNOF RUD OJIELU.
  3171 | D:5      | 3171 ||| READING 3 scrolls of identify.
  3171 | D:5      | 3171 ||| IDENTIFYING sapphire potion
  3172 | D:5      | 3172 ||| READING 2 scrolls of identify.
  3172 | D:5      | 3172 ||| IDENTIFYING murky pink potion
  3173 | D:5      | 3173 ||| DROPPING potion of invisibility.
  3175 | D:5      | 3175 ||| Stepping ~*~*~tactically~*~*~ (cloud).
  3257 | D:6      | Found Ebamiur's Assorted Antiques.
  3263 | D:6      | HP: 6/31 [ogre/+0 giant spiked club (25)]
  3264 | D:6      | 3264 ||| READING scroll of teleportation.
  3264 | D:6      | Mangled by an ogre

Levels and vault maps discovered:
D:1:      dpeg_arrival_arbitrary_b, layout_basic, serial_glass, glass_columns_c,
          glass_columns_a
D:2:      layout_basic
D:3:      layout_rooms, mainiacjoe_overflow_divided_tiny,
          hellmonk_ecumenical_altar_watching_god, hex_intersection,
          minmay_misc_feat_enclosed
D:4:      layout_basic, led_sif_book
D:5:      cheibrodos_iron_armory, layout_basic, bloody_trog, uniq_sigmund
D:6:      layout_basic, temple_fountains, serial_shops, nicolae_shop_crystal,
          nicolae_diamond_shop, shop_fountains, shop

Skill      XL: |  1  2  3  4  5  6  7 |
---------------+----------------------+-----
Ranged Weapons | 6 7 8 10 11 | 11.2
Dodging        | 3 4 |  4.2
Fighting       | 2 |  2.1
Armour         | 1 |  1.2
Stealth        | |  1.2

Action                     |  1- 3 |  4- 6 |  7- 9 || total
---------------------------+-------+-------+-------++-------
   Fire: Shortbow          |   101 |    56 |    24 ||   181
         Longbow           |       |       |     3 ||     3
    Use: Scroll            |     4 |     5 |     5 ||    14
 Armour: Ring mail         |     3 |       |     1 ||     4
         Leather armour    |     1 |       |       ||     1
  Dodge: Dodged            |    19 |     3 |     2 ||    24

Table legend:
 A = Non-vault XP
 B = Vault XP
 C = Vault XP percentage of total XP
 D = Non-vault monster count
 E = Vault monster count
 F = Vault count percentage of total count
                 A         B        C        D         E       F
            +---------+---------+-------+---------+---------+-------
      Total |    1087 |      72 |   6.2 |      91 |       2 |   2.2
            +---------+---------+-------+---------+---------+-------
        D:1 |      42 |       0 |   0.0 |      25 |       0 |   0.0
        D:2 |      21 |       0 |   0.0 |      15 |       0 |   0.0
        D:3 |     127 |       0 |   0.0 |      16 |       0 |   0.0
        D:4 |     276 |      72 |  20.7 |      11 |       2 |  15.4
        D:5 |     621 |       0 |   0.0 |      24 |       0 |   0.0
            +---------+---------+-------+---------+---------+-------
